AoeStats
← Gul_Durak

Arabia

510179088Analyzed
1v1 RM · 1d ago on Sep 29, 2026· 55m 26s· 2 players
Game mode
Random Map
Map size
Tiny (2 player)
Population
200
Speed
Normal
Resources
Standard
Victory
Conquest
Starting age
Dark Age
Ending age
Imperial Age
RankedLock teamsTeams togetherTeam positionsShared explorationLock speedFull tech treeHidden civsTurbo modeCheats
Victory
Defeat
🇩🇪 Burmese · Germany
1225
+17
🇬🇧 Saxons · United Kingdom
1238
-17
Gul_Durak
6:02 Loom
9:07 Feudal Age
13:59 Horse Collar
16:43 Fletching
18:32 Padded Archer Armor
20:14 Wheelbarrow
23:51 Castle Age
22:57 Gold Mining
25:00 Scale Barding Armor
24:55 Bodkin Arrow
27:19 Bloodlines
27:10 Husbandry
27:24 Town Watch
29:18 Hand Cart
36:46 Imperial Age
35:31 Heavy Plow
36:20 Ballistics
35:24 Light Cavalry
38:14 Parthian Tactics
38:57 Conscription
39:24 Gold Shaft Mining
38:46 Stone Mining
40:18 Heavy Cavalry Archer
45:19 Chemistry
44:20 Bracer
45:06 Crop Rotation
45:25 Scale Barding Armor
45:00 Hussar
45:52 Forging
46:27 Chain Barding Armor
47:04 Masonry
49:27 Plate Barding Armor
49:28 Iron Casting
50:12 Guilds
50:30 Cavalier
52:13 Blast Furnace
54:34 Scale Mail Armor
55:33 Chain Mail Armor
55:50 Architecture
55:26 Siege Engineers
55:16 Murder Holes
55:32 Fortified Wall
55:10 Gambesons
55:25 Squires
54:46 Pikeman
54:46 Man-at-Arms
55:12 Arson
dux brun
6:15 Loom
9:14 Feudal Age
9:22 Man-at-Arms
10:30 Double-Bit Axe
18:33 Fletching
21:36 Castle Age
23:05 Scale Mail Armor
23:16 Forging
23:37 Bow Saw
23:15 Town Watch
24:09 Wheelbarrow
25:08 Chain Mail Armor
27:22 Iron Casting
30:15 Squires
35:08 Imperial Age
32:55 Gold Mining
34:19 Hand Cart
34:15 Arson
35:18 Shield Wall
36:44 Plate Mail Armor
37:30 Block Printing
36:37 Clerical Recruitment
37:50 Elite Hearth Troop
40:29 Chemistry
41:17 Redemption
42:30 Elite Skirmisher
43:06 Bodkin Arrow
43:12 Padded Archer Armor
44:02 Onager
46:40 Elite Varangian Guard
Connection lost

Rejoining the realm…

Still unreachable

The connection could not be restored.

Session expired

The server has moved on; the page needs a fresh start.